 Dungeon Crawl Stone Soup version 0.25-a0-822-g6581751b11 (webtiles) character file.

Game seed: 2654827310619374054, levelgen mode: deterministic

340 kae the Conjurer (level 6, 0/32 HPs)
             Began as a Tengu Air Elementalist on Apr 20, 2020.
             Slain by a gnoll sergeant
             ... wielding a cursed +0 spear
              (7 damage)
             ... on level 4 of the Dungeon.
             The game lasted 00:03:30 (3353 turns).

kae the Conjurer (Tengu Air Elementalist)           Turns: 3353, Time: 00:03:30

Health: 0/32       AC:  3    Str:  8    XL:     6   Next: 56%
Magic:  1/12       EV: 12    Int: 18    God:
Gold:   218        SH:  0    Dex: 14    Spells: 1/11 levels left

rFire    . . .     SeeInvis .   b - +1 whip
rCold    . . .     Gourm    .   (no shield)
rNeg     . . .     Faith    .   a - +1 robe
rPois    .         Spirit   .   (helmet restricted)
rElec    .         Reflect  .   (no cloak)
rCorr    .         Harm     .   (no gloves)
MR       .....                  (boots unavailable)
Stlth    ++........             (no amulet)
HPRegen  0.10/turn              (no ring)
MPRegen  0.13/turn              (no ring)

@: no status effects
A: beak, talons 3, able to fly
a: Fly


You were on level 4 of the Dungeon.
You were hungry.

You visited 1 branch of the dungeon, and saw 4 of its levels.

You collected 218 gold pieces.

Inventory:

Hand Weapons
 b - a +1 whip (weapon)
Armour
 a - a +1 robe (worn)
Scrolls
 d - a scroll of immolation
 f - 4 scrolls of remove curse
Potions
 e - a potion of brilliance {unknown}
 g - 3 potions of curing
 h - 2 potions of stabbing {unknown}
 k - a potion of haste {unknown}
 l - a potion of degeneration {unknown}
Comestibles
 c - 7 rations


   Skills:
 - Level 2.1 Dodging
 - Level 2.0 Stealth
 + Level 3.4 Spellcasting
 * Level 6.1 Conjurations
 + Level 5.8 Air Magic


You had one spell level left.
You knew the following spells:

 Your Spells              Type           Power        Failure   Level  Hunger
a - Shock                 Conj/Air       ###.         1%          1    None
b - Static Discharge      Conj/Air       ###.....     4%          3    ###....
c - Swiftness             Chrm/Air       ##......     7%          2    ##.....
d - Airstrike             Air            ###.......   14%         4    ####...

Your spell library contained the following spells:

 Spells                   Type           Power        Failure   Level  Hunger
 Lightning Bolt           Conj/Air       ###.......   36%         5    ######.


Dungeon Overview and Level Annotations

Branches:
Dungeon (4/15)
 Temple: D:4-7

Altars:
Fedhas
Zin

Annotations:
D:3 exclusions: 2 orcs and orc priest
D:4 2 transporters, DrMuscles's ghost, amateur FoFi


Innate Abilities, Weirdness & Mutations

You have a beak for a mouth.
You have claws for feet.
You can fly continuously.


Message History

Press: ? - help, Shift-Dir - straight line The zap hits the gnoll sergeant.
The gnoll sergeant is almost dead.
The gnoll sergeant closely misses you.
Casting: Shock (safe; 1% risk of failure)
Confirm with . or Enter, or press ? or * to list all spells.
You don't have enough magic to cast that spell.
Casting: Shock (safe; 1% risk of failure)
Confirm with . or Enter, or press ? or * to list all spells.
You don't have enough magic to cast that spell.
Casting: Shock (safe; 1% risk of failure)
Confirm with . or Enter, or press ? or * to list all spells.
You don't have enough magic to cast that spell.
The gnoll sergeant hits you with a cursed +0 spear!
* * * LOW HITPOINT WARNING * * *
You see here a gnoll corpse.
You hit the gnoll sergeant but do no damage.
The gnoll sergeant is almost dead.
The gnoll sergeant hits you with a cursed +0 spear!
You die...

)# #.#.##
)#####....#######
........©.).....#
#.#############.#
..#...........#.#
..#..........Z#.# #
#.#..##...##.M#.# .##
#.#..#8...8#.Z#.##...#
#.#..##...##ZW#.@g)#
#.#.....©....Z#.##...#
..##..#.# ### . #..#.#
#..#%# ....#.#
....©#.# ######.


You could see a gnoll sergeant, a mummy, DrMuscles's ghost, a hound zombie, a
bullfrog zombie, a centaur zombie and a bullfrog skeleton.

Vanquished Creatures
  2 orc wizards (D:4)
  Natasha (twice) (D:2)
  A worker ant (D:3)
  8 gnolls (D:4)
  3 adders
  2 worms (D:2)
  A dart slug (D:1)
  3 leopard geckos
  3 orcs
  15 bats
  3 giant cockroaches
  7 goblins
  13 hobgoblins
  8 jackals
  5 frilled lizards
  7 kobolds
  A quokka skeleton (D:4)
  9 rats
93 creatures vanquished.

Notes
Turn   | Place    | Note
-------+----------+-------------------------------------------
     0 | D:1      | kae the Tengu Air Elementalist began the quest for the Orb.
     0 | D:1      | Reached XP level 1. HP: 10/10 MP: 4/4
    84 | D:1      | Reached skill level 2 in Conjurations
    97 | D:1      | Reached XP level 2. HP: 15/15 MP: 1/6
   474 | D:1      | Reached XP level 3. HP: 19/19 MP: 3/7
   495 | D:1      | Reached skill level 3 in Conjurations
   500 | D:1      | Learned a level 3 spell: Static Discharge
  1094 | D:2      | Reached XP level 4. HP: 24/24 MP: 0/8
  1358 | D:2      | Reached skill level 4 in Conjurations
  1583 | D:2      | Noticed Natasha
  1588 | D:2      | Killed Natasha
  1588 | D:2      | Reached skill level 5 in Air Magic
  1588 | D:2      | Gained mutation: You can fly continuously. [Tengu growth]
  1588 | D:2      | Reached XP level 5. HP: 20/28 MP: 4/10
  1812 | D:2      | Noticed Natasha
  1819 | D:2      | Killed Natasha
  2325 | D:3      | Found a glowing silver altar of Zin.
  2372 | D:3      | Reached skill level 5 in Conjurations
  2389 | D:3      | Learned a level 2 spell: Swiftness
  2394 | D:3      | Learned a level 4 spell: Airstrike
  2551 | D:3      | Found a blossoming altar of Fedhas.
  2966 | D:4      | Reached XP level 6. HP: 32/32 MP: 7/11
  3320 | D:4      | Found a transporter.
  3320 | D:4      | Noticed DrMuscles's ghost (amateur FoFi)
  3338 | D:4      | Found a transporter.
  3345 | D:4      | Reached skill level 6 in Conjurations
  3353 | D:4      | Slain by a gnoll sergeant

Levels and vault maps discovered:
D:1:      minmay_arrival_glassed_features, layout_basic, minmay_pentomino_v2
D:2:      layout_basic, first_ration, uniq_natasha
D:3:      layout_basic, nicolae_overflow_crystal_walls, fedhas_altar_2
D:4:      layout_loops_ring, gammafunk_ghost_mausoleum

Skill      XL: |  1  2  3  4  5  6 |
---------------+-------------------+-----
Conjurations   | 2 3 4 5 6 |  6.1
Air Magic      | 5 |  5.8
Spellcasting   | 3 |  3.4
Dodging        | |  2.1
Stealth        | |  2.0

Action                   |  1- 3 |  4- 6 || total
-------------------------+-------+-------++-------
Melee: Unarmed           |    16 |       ||    16
       Kick              |     4 |     5 ||     9
       Peck              |     3 |     1 ||     4
       Whip              |     3 |    24 ||    27
 Cast: Shock             |    72 |   110 ||   182
  Use: Scroll            |     2 |     5 ||     7
 Stab: Sleeping          |       |     1 ||     1
  Eat: Chunk             |     1 |     7 ||     8
Armor: Robe              |     4 |     7 ||    11
Dodge: Dodged            |    17 |    33 ||    50

Table legend:
 A = Non-vault XP
 B = Vault XP
 C = Vault XP percentage of total XP
 D = Non-vault monster count
 E = Vault monster count
 F = Vault count percentage of total count
                 A         B        C        D         E       F
            +---------+---------+-------+---------+---------+-------
      Total |     447 |      39 |   8.0 |      91 |       2 |   2.2
            +---------+---------+-------+---------+---------+-------
        D:1 |      61 |       2 |   3.2 |      36 |       1 |   2.7
        D:2 |     113 |      37 |  24.7 |      28 |       1 |   3.4
        D:3 |      72 |       0 |   0.0 |      15 |       0 |   0.0
        D:4 |     201 |       0 |   0.0 |      12 |       0 |   0.0
            +---------+---------+-------+---------+---------+-------
